 Dungeon Crawl Stone Soup version 0.30.0-29-ga12c61a403 (webtiles) character file.

Game seed: 14739380460432755139

15557 monsoonserge the Covert (level 12, -5/89 HPs)
             Began as a Demonspawn Monk on June 11, 2023.
             Was a High Priest of Nemelex Xobeh.
             Hit by a javelin thrown by a minotaur (14 damage)
             ... in a Gauntlet.
             The game lasted 00:43:11 (9303 turns).

monsoonserge the Covert (Demonspawn Monk)           Turns: 9303, Time: 00:43:12

Health: -5/89      AC: 20    Str: 15    XL:     12   Next: 2%
Magic:  17/17      EV: 26    Int: 23    God:    Nemelex Xobeh [*****.]
Gold:   291        SH:  6    Dex: 20    Spells: 14/17 levels left

rFire   . . .        a - +0 short sword (venom)
rCold   . . .        L - +0 buckler
rNeg    . . .        u - +4 troll leather armour of Words of Power {Regen+ Int+9}
rPois   .            (helmet restricted)
rElec   .            F - +1 cloak
rCorr   .            O - +2 pair of gloves of the Distant Future {Int+2 Dex+3}
SInv    .            c - +2 pair of boots {Stlth+}
Will    .....        (no amulet)
Stlth   ++++++       n - +5 ring of evasion
HPRegen 1.14/turn    U - +4 ring of slaying
MPRegen 0.15/turn

%: no teleportation
@: agile, studying Stealth
A: antennae 1, thin metallic scales 2, demonic guardian 1, powered by pain 2
a: Renounce Religion, Draw Escape, Draw Destruction, Draw Summoning, Triple
Draw, Deal Four, Stack Five


You were in a Gauntlet.
You worshipped Nemelex Xobeh.
Nemelex Xobeh was extremely pleased with you.
You visited 2 branches of the dungeon, and saw 12 of its levels.
You also visited: Gauntlet.

You collected 733 gold pieces.
You spent 442 gold pieces at shops.

Inventory:

Hand Weapons
 a - a +0 short sword of venom (weapon)
 b - a +1 vampiric long sword
 V - the +7 sling "Weclobok" {freeze, rN++ Dex-3}
   (You found it on level 11 of the Dungeon)

   Dex:       It affects your dexterity (-3).
   rN:        It greatly protects you from negative energy.
Missiles
 H - 19 poisoned darts (quivered)
 J - 3 boomerangs
Armour
 c - a +2 pair of boots of stealth (worn)
 u - the +4 troll leather armour of Words of Power (worn) {Regen+ Int+9}
   (You found it on level 3 of the Dungeon)

   Int:       It affects your intelligence (+9).
   Regen:     It increases your rate of health regeneration.
 E - a +0 helmet
 F - a +1 cloak (worn)
 L - a +0 buckler (worn)
 O - the +2 pair of gloves of the Distant Future (worn) {Int+2 Dex+3}
   (You bought it in a shop on level 9 of the Dungeon)

   Int:       It affects your intelligence (+2).
   Dex:       It affects your dexterity (+3).
Jewellery
 g - a ring of resist corrosion
 n - a +5 ring of evasion (left hand)
 Q - a +5 ring of evasion
 U - a +4 ring of slaying (right hand)
Wands
 r - a wand of digging (5)
 t - a wand of flame (46)
 B - a wand of roots (14)
Scrolls
 e - 2 scrolls of enchant weapon {unknown}
 f - 6 scrolls of teleportation {unknown}
 h - 5 scrolls of immolation {unknown}
 j - 2 scrolls of magic mapping {unknown}
 k - 10 scrolls of identify {unknown}
 l - 2 scrolls of amnesia {unknown}
 o - 4 scrolls of fear {unknown}
 s - 4 scrolls of blinking {unknown}
 x - a scroll of poison {unknown}
 y - a scroll of silence {unknown}
 z - a scroll of enchant armour {unknown}
 I - a scroll of vulnerability {unknown}
 K - a scroll of fog {unknown}
 T - a scroll of butterflies {unknown}
 W - a scroll of noise {unknown}
Potions
 d - a potion of attraction {unknown}
 i - 5 potions of heal wounds
 m - 4 potions of degeneration {unknown}
 p - a potion of mutation {unknown}
 q - 5 potions of curing {unknown}
 w - 2 potions of magic {unknown}
 A - 2 potions of haste {unknown}
 C - a potion of invisibility {unknown}
 D - a potion of flight {unknown}
 G - a potion of might
 P - a potion of cancellation {unknown}
 R - a potion of resistance {unknown}
 S - 2 potions of lignification {unknown}
 X - a potion of brilliance {unknown}
Miscellaneous
 N - a phial of floods


   Skills:
 + Level 6.7 Fighting
 + Level 6.0(6.9) Short Blades
 + Level 5.2(6.5) Long Blades
 - Level 5.3 Axes
 + Level 3.7 Armour
 + Level 7.7 Dodging
 + Level 10.6 Stealth
 * Level 4.7 Shields
 - Level 3.0 Spellcasting
 - Level 5.0 Hexes
 * Level 7.5 Invocations
 - Level 3.0 Evocations


You had 14 spell levels left.
You knew the following spells:

 Your Spells              Type           Power      Damage    Failure   Level
a - Confusing Touch       Hex            26%        N/A       7%          3

Your spell library contained the following spells:

 Spells                   Type           Power      Damage    Failure   Level
 Kiss of Death            Conj/Necr      12%        2d6       19%         1
 Gell's Gravitas          Tloc           3%         N/A       47%         3
 Ignite Poison            Fire/Tmut/Pois 3%         N/A       47%         3
 Teleport Other           Tloc           3%         N/A       47%         3
 Dispel Undead            Necr           3%         3d7       87%         4
 Passage of Golubria      Tloc           3%         N/A       87%         4
 Sticky Flame             Conj/Fire      3%         2d3       87%         4
 Silence                  Hex/Air        7%         N/A       87%         5
 Blade Hands              Tmut           1%         N/A       99%         5
 Irradiate                Conj/Tmut      1%         3d12      99%         5
 Dispersal                Tloc           1%         N/A       100%        6
 Dragon Form              Tmut           1%         N/A       100%        7
 Ignition                 Fire           1%         3d3       100%        8
 Lehudib's Crystal Spear  Conj/Erth      1%         10d2      100%        8


Dungeon Overview and Level Annotations

Branches:
Dungeon (11/15)            Temple (1/1) D:6            Lair (0/5) D:10
Gauntlet (1/1)
    Orc: D:9-12

Altars:
Ashenzari
Cheibriados
Dithmenos
Gozag
Hepliaklqana
Kikubaaqudgha
Makhleb
Nemelex Xobeh
Okawaru
Ru
Trog
Vehumet
Wu Jian
Xom
Yredelemnul

Shops:
D:3 [   D:9 ([[=

Annotations:
D:6 3 runed translucent doors, middlethird's ghost, novice VSAE Gauntlet 11 transporters, exclusion: orange crystal statue


Innate Abilities, Weirdness & Mutations

You have a pair of small antennae on your head.
You are mostly covered in thin metallic scales. (AC +3)
A weak demonic guardian rushes to your aid.
You sometimes gain power by taking damage.


Message History

The minotaur gores you but does no damage.
You hit the minotaur but do no damage.
The minotaur is moderately wounded.
The minotaur hits you with the +8 mithril axe "Arga" {speed, Will+}!!
* * * LOW HITPOINT WARNING * * *
A demonic guardian appears!
You focus on the pain.
You feel agile all of a sudden. The minotaur completely misses you.
You draw a card...
You have drawn the Rangers.
Your hands stop glowing.
The minotaur hits you with the +8 mithril axe "Arga" {speed, Will+}!
* * * LOW HITPOINT WARNING * * *
The minotaur hits your centaur warrior with the +8 mithril axe "Arga" {speed, Will+}!!
You block the minotaur's attack.
You swap places.
Your ufetubus hits the minotaur but does no damage.
Your ufetubus barely misses the minotaur.
Your centaur warrior hits the minotaur but does no damage.
Your centaur warrior kicks the minotaur but does no damage.
The minotaur throws a javelin.
The javelin closely misses you.
The javelin pierces through your naga sharpshooter!!
Your ufetubus barely misses the minotaur. x2
There is a transporter landing site here.
Your centaur warrior hits the minotaur!
Your centaur warrior kicks the minotaur but does no damage.
Your ufetubus hits the minotaur but does no damage. x2
Your centaur warrior hits the minotaur but does no damage.
Your centaur warrior kicks the minotaur but does no damage.
Okay, then.
You draw a card...
You have drawn the Cloud.
Clouds appear around you!
The minotaur is no longer moving slowly.
Your ufetubus hits the minotaur.
Your ufetubus hits the minotaur but does no damage.
Your naga sharpshooter spits poison at the minotaur.
The splash of poison hits the minotaur but does no damage.
Your centaur warrior hits the minotaur but does no damage.
Your centaur warrior completely misses the minotaur.
The minotaur throws a javelin.
The javelin pierces through you!
You die...
Your body glows with a rainbow of weird colours and disappears.

#≈.#.^##.#.#.≈##
≈≈.#..#©.#.#.≈≈#
#≈.#.#..##.#.≈##
##.#.####..#.## ###
#≈.#.......#..###≈##
≈≈.#########...#≈≈≈#
#≈....#©..8#...#...#####
##..8.#...©#.8.#........
#≈....#©..8#.⌠.#@8c###.##.
≈≈.#########.8.#N©§H.(....
#≈.#.##©.)B#...#.85#.#(...
##.#..##)..#...#.©.# # #
#≈.#...##..#.8.#.8.#
≈≈.#.#.©##.#.∩.#.©.#
#≈.#.##..#.#.8.#.8.#
##.#..##...#...#.©.# # #
#≈.#...##..#...#.8.#.#....


You could see a minotaur (poisoned, ally target), a death scarab, a friendly
naga sharpshooter (summoned, catching breath), a friendly centaur warrior
(summoned) and a friendly ufetubus (summoned).

Vanquished Creatures
  A boulder beetle (D:11)
  A centaur warrior (D:10)
  A two-headed ogre (D:11)
  3 death yaks (D:10)
  A deep elf pyromancer (D:8)
  An ugly thing (D:11)
  A manticore (D:8)
  A gargoyle (D:11)
  Grinder (D:3)
  2 shadows
  2 wyverns (D:8)
  11 yaks
  A wraith (D:8)
  4 vampire mosquitoes (D:11)
  A steam dragon (D:6)
  3 swamp worms (Gauntlet)
  An acid dragon (D:8)
  A water moccasin (D:6)
  Duvessa (D:6)
  4 orc warriors
  An ice beast (D:7)
  2 black bears (D:8)
  A sky beast (D:7)
  4 ogres
  6 centaurs
  A phantom (D:7)
  4 bullfrogs
  Blork the orc (D:5)
  2 kobold brigands
  2 gnoll sergeants (D:8)
  4 wights
  4 scorpions
  Dowan (D:6)
  8 killer bees
  3 howler monkeys
  5 jellies
  A gnoll bouda (D:5)
  2 orc priests
  Crazy Yiuf (D:3)
  2 hounds
  3 iguanas
  Terence (D:3)
  9 orc wizards
  Ijyb (D:3)
  10 gnolls
  11 adders
  2 white imps
  An ufetubus (D:7)
  4 worms
  2 dart slugs
  21 orcs
  5 ball pythons
  5 endoplasms
  4 giant cockroaches
  5 goblins
  5 hobgoblins
  4 jackals (D:1)
  15 kobolds
  A quokka (D:3)
  6 bats
  5 frilled lizards
  4 rats
221 creatures vanquished.

Vanquished Creatures (collateral kills)
  4 death yaks (D:10)
  A gargoyle (D:9)
  A centaur (D:9)
  A hound (D:5)
  An iguana (D:5)
8 creatures vanquished.

Grand Total: 229 creatures vanquished

Notes
Turn   | Place    | Note
-------+----------+-------------------------------------------
     0 | D:1      | monsoonserge the Demonspawn Monk began the quest for the
                  | Orb.
     0 | D:1      | Reached XP level 1. HP: 18/18 MP: 1/1
   152 | D:1      | You fall into a shaft and drop 1 floor!
   180 | D:2      | Gained mutation: You are partially covered in thin metallic
                  | scales. (AC +2) [demonic ancestry]
   180 | D:2      | Reached XP level 2. HP: 19/24 MP: 2/2
   502 | D:1      | Gained mutation: You sometimes gain a little power by
                  | taking damage. [demonic ancestry]
   502 | D:1      | Reached XP level 3. HP: 24/29 MP: 3/3
  1010 | D:2      | Gained mutation: A weak demonic guardian rushes to your
                  | aid. [demonic ancestry]
  1010 | D:2      | Reached XP level 4. HP: 35/37 MP: 4/4
  1650 | D:3      | Noticed Grinder
  1672 | D:3      | Killed Grinder
  1673 | D:3      | Reached skill level 1 in Armour
  1673 | D:3      | Reached XP level 5. HP: 28/42 MP: 5/5
  1673 | D:3      | Reached XP level 6. HP: 32/48 MP: 6/6
  1737 | D:3      | Identified the +4 troll leather armour of Words of Power
                  | {Regen+ Int+9}
  1764 | D:3      | Noticed Ijyb
  1808 | D:3      | Killed Ijyb
  2004 | D:3      | Noticed Terence
  2017 | D:3      | Killed Terence
  2064 | D:3      | Found Zighanaq's Armour Shoppe.
  2347 | D:3      | Found a runed translucent door.
  2348 | D:3      | Noticed Crazy Yiuf
  2484 | D:3      | Killed Crazy Yiuf
  3098 | D:5      | Entered Level 5 of the Dungeon
  3108 | D:4      | Reached XP level 7. HP: 55/55 MP: 7/7
  3146 | D:5      | Found a sparkling altar of Nemelex Xobeh.
  3237 | D:5      | Became a worshipper of Nemelex Xobeh the Trickster
  3237 | D:5      | Reached * piety under Nemelex Xobeh
  3237 | D:5      | Received a gift from Nemelex Xobeh
  3237 | D:5      | Reached ** piety under Nemelex Xobeh
  3257 | D:5      | Reached skill level 1 in Stealth
  3333 | D:5      | Found a shadowy altar of Dithmenos.
  3438 | D:5      | Reached skill level 1 in Invocations
  3473 | D:5      | Noticed Blork the orc
  3482 | D:5      | Killed Blork the orc
  3604 | D:5      | Reached skill level 2 in Stealth
  3737 | D:5      | Reached XP level 8. HP: 56/61 MP: 10/10
  3755 | D:5      | Reached skill level 1 in Axes
  3983 | D:5      | Reached skill level 5 in Fighting
  4016 | D:6      | Noticed Dowan
  4017 | D:6      | Noticed Duvessa
  4238 | D:6      | Found a runed translucent gate.
  4238 | D:6      | Found a runed translucent gate.
  4238 | D:6      | Found a runed translucent gate.
  4238 | D:6      | Noticed middlethird's ghost (novice VSAE)
  4243 | D:6      | Noticed a cyclops
  4280 | D:6      | Found a staircase to the Ecumenical Temple.
  4298 | Temple   | Entered the Ecumenical Temple
  4523 | D:6      | Found a sacrificial altar of Ru.
  4524 | D:6      | Reached *** piety under Nemelex Xobeh
  4539 | D:6      | Killed Duvessa
  4543 | D:6      | Killed Dowan
  4605 | D:6      | Reached skill level 5 in Dodging
  4634 | D:6      | Reached skill level 3 in Stealth
  4741 | D:6      | Reached skill level 5 in Invocations
  4741 | D:6      | Gained mutation: You sometimes gain power by taking damage.
                  | [demonic ancestry]
  4741 | D:6      | Reached XP level 9. HP: 68/68 MP: 11/13
  5003 | D:6      | Received a gift from Nemelex Xobeh
  5506 | D:7      | Reached skill level 5 in Axes
  5523 | D:7      | Received a gift from Nemelex Xobeh
  5624 | D:7      | Found an ornate altar of the Wu Jian Council.
  5647 | D:7      | Reached **** piety under Nemelex Xobeh
  5686 | D:7      | Learned a level 3 spell: Confusing Touch
  5865 | D:7      | Received a gift from Nemelex Xobeh
  5894 | D:7      | Reached skill level 1 in Spellcasting
  5894 | D:7      | Reached skill level 1 in Hexes
  6364 | D:8      | Received a gift from Nemelex Xobeh
  6856 | D:8      | Reached skill level 4 in Stealth
  7010 | D:8      | Reached XP level 10. HP: 76/76 MP: 8/14
  7250 | D:8      | Received a gift from Nemelex Xobeh
  7331 | D:8      | Noticed a deep elf pyromancer
  7375 | D:8      | Killed a deep elf pyromancer
  7377 | D:8      | Reached skill level 5 in Stealth
  7473 | D:8      | Noticed a manticore
  7489 | D:8      | Killed a manticore
  7514 | D:8      | Reached skill level 1 in Shields
  7765 | D:9      | Reached skill level 5 in Short Blades
  8035 | D:9      | Found Izadghoit's Weapon Emporium.
  8036 | D:9      | Found Befiluf's Antique Armour Emporium.
  8037 | D:9      | Found Paukh's Armour Emporium.
  8039 | D:9      | Found Datymok's Jewellery Emporium.
  8039 | D:9      | Noticed a gargoyle
  8047 | D:9      | Killed a gargoyle
  8048 | D:9      | Reached skill level 1 in Evocations
  8051 | D:9      | Bought a pair of faintly glowing gloves for 247 gold pieces
  8051 | D:9      | Identified the +2 pair of gloves of the Distant Future
                  | {Int+2 Dex+3} (You bought it in a shop on level 9 of the
                  | Dungeon)
  8074 | D:9      | Bought a pair of embroidered boots for 195 gold pieces
  8129 | D:9      | Reached ***** piety under Nemelex Xobeh
  8312 | D:9      | Reached skill level 6 in Stealth
  8336 | D:9      | Received a gift from Nemelex Xobeh
  8384 | D:10     | Entered Level 10 of the Dungeon
  8389 | D:10     | Found a broken altar of Ashenzari.
  8407 | D:10     | Reached skill level 5 in Hexes
  8622 | D:10     | Noticed a centaur warrior
  8623 | D:10     | Noticed a death yak
  8626 | D:10     | Found a staircase to the Lair.
  8627 | D:10     | Noticed a death yak
  8628 | D:10     | Noticed a death yak
  8629 | D:10     | Noticed a death yak
  8630 | D:10     | Killed a centaur warrior
  8630 | D:10     | Noticed a death yak
  8631 | D:10     | Reached skill level 7 in Stealth
  8631 | D:10     | Gained mutation: You are mostly covered in thin metallic
                  | scales. (AC +3) [demonic ancestry]
  8631 | D:10     | Reached XP level 11. HP: 75/81 MP: 15/15
  8632 | D:10     | Noticed a death yak
  8633 | D:10     | Noticed a death yak
  8634 | D:10     | Killed a death yak
  8635 | D:10     | Killed a death yak
  8636 | D:10     | Reached skill level 8 in Stealth
  8639 | D:10     | Killed a death yak
  8642 | D:10     | Killed a death yak
  8643 | D:10     | Killed a death yak
  8644 | D:10     | Reached skill level 9 in Stealth
  8644 | D:10     | Killed a death yak
  8647 | D:10     | Killed a death yak
  8737 | D:11     | Reached skill level 10 in Stealth
  8804 | D:11     | Noticed a two-headed ogre
  8818 | D:11     | Noticed a boulder beetle
  8845 | D:11     | Killed a boulder beetle
  8852 | D:11     | Killed a two-headed ogre
  8853 | D:11     | Received a gift from Nemelex Xobeh
  8853 | D:11     | Found a radiant altar of Vehumet.
  8948 | D:11     | Reached skill level 5 in Long Blades
  9000 | D:11     | Identified the +7 sling "Weclobok" {freeze, rN++ Dex-3}
  9024 | D:11     | Received a gift from Nemelex Xobeh
  9035 | D:11     | Noticed a green ugly thing
  9055 | D:11     | Killed a green ugly thing
  9075 | D:11     | Found a gate leading to a gauntlet.
  9089 | Gauntlet | Entered a Gauntlet
  9089 | Gauntlet | Found a transporter.
  9089 | Gauntlet | Found a runed translucent door.
  9090 | Gauntlet | Found a runed translucent door.
  9096 | Gauntlet | Found a transporter.
  9099 | Gauntlet | Found a transporter.
  9100 | Gauntlet | Found a transporter.
  9108 | Gauntlet | Found a transporter.
  9111 | Gauntlet | Found a transporter.
  9112 | Gauntlet | Found a transporter.
  9118 | Gauntlet | Noticed a death scarab
  9134 | Gauntlet | Found a transporter.
  9137 | Gauntlet | Found a transporter.
  9138 | Gauntlet | Found a transporter.
  9146 | Gauntlet | Found a transporter.
  9149 | Gauntlet | Found a transporter.
  9150 | Gauntlet | Found a transporter.
  9159 | Gauntlet | Found a transporter.
  9159 | Gauntlet | Noticed a ghost crab
  9182 | Gauntlet | Noticed an orange crystal statue
  9247 | Gauntlet | Gained mutation: You have a pair of small antennae on your
                  | head. [demonic ancestry]
  9247 | Gauntlet | Reached XP level 12. HP: 89/89 MP: 14/17
  9284 | Gauntlet | Noticed a minotaur
  9303 | Gauntlet | Hit by a javelin thrown by a minotaur

Illustrated notes

Levels and vault maps discovered:
D:1:      minmay_arrival_glassed_features, layout_loops_ring,
          minmay_close_crescents
D:2:      layout_basic, kennysheep_generic_room_7
D:3:      layout_loops_ring, serial_shops, nicolae_square_shop,
          minmay_distorted, uniq_grinder, uniq_crazy_yiuf_cottage, uniq_ijyb,
          uniq_terence
D:4:      layout_cave_pools, nicolae_concentric_dashed_squares_mild
D:5:      layout_gridville, nicolae_dithmenos_through_a_glass_darkly,
          mainiacjoe_overflow_chevrons, kennysheep_cross_bottleneck,
          minivault_19, serial_park_tiny_2, uniq_blork_the_orc
D:6:      layout_cave_pods, nicolae_ru_sacrificial_ziggurat,
          minmay_temple_entry_offerings, gammafunk_ghost_split, minmay_bent,
          uniq_duvessa
D:7:      minmay_skewed_foursquare, layout_basic, mainiacjoe_overflow_catwalk
D:8:      layout_basic, minmay_shattered_shrine
D:9:      layout_roguey, mainiacjoe_overflow_cross_hatched,
          minmay_shop_grid_forest, chequers_serial_rivers_large_b
D:10:     layout_irregular_city, grunt_temple_overflow_forces_of_nature,
          nicolae_uskayaw_en_pointe, cheibrodos_ashenzari_chains,
          mainiacjoe_overflow_boulevard, dpeg_lair_monsters, orc_0_dummy
D:11:     layout_rooms, gauntlet_entry_generic, vehumet_altar_wand_db
Temple:   nicolae_temple_bog_church
Gauntlet: gammafunk_gauntlet_77_escape_option [minmay_gauntlet_arena_77_cramped,
          minmay_gauntlet_arena_77_block_sizes,
          minmay_gauntlet_arena_77_two_lines,
          minmay_gauntlet_arena_77_hold_the_fort,
          minmay_gauntlet_arena_77_checkered,
          nicolae_gauntlet_exit_dead_adventurers]

Skill      XL: |  1  2  3  4  5  6  7  8  9 10 11 |
---------------+----------------------------------+-----
Dodging        | 3 4 5 6 7 |  7.7
Long Blades    | 3 4 5 |  5.2
Fighting       | 4 5 6 |  6.7
Short Blades   | 2 3 4 5 6 |  6.0
Armour         | 1 2 3 |  3.7
Stealth        | 2 3 4 7 10 | 10.6
Invocations    | 3 5 6 7 |  7.5
Axes           | 4 5 |  5.3
Spellcasting   | 1 2 3 |  3.0
Hexes          | 3 5 |  5.0
Shields        | 2 4 |  4.7
Evocations     | 3 |  3.0

Action                     |  1- 3 |  4- 6 |  7- 9 | 10-12 || total
---------------------------+-------+-------+-------+-------++-------
  Melee: Falchion          |    12 |       |       |       ||    12
         Short sword       |    90 |   124 |   129 |   324 ||   667
         Long sword        |       |    30 |   102 |    57 ||   189
         Battleaxe         |       |       |   175 |       ||   175
         Punch             |       |       |     3 |     1 ||     4
  Throw: Dart              |       |       |       |     4 ||     4
   Cast: Confusing Touch   |       |       |     9 |    32 ||    41
 Invoke: Draw Destruction  |       |       |     3 |     7 ||    10
         Draw Escape       |       |       |     2 |     1 ||     3
         Draw Summoning    |       |       |       |     5 ||     5
  Evoke: Wand              |       |       |     8 |     6 ||    14
    Use: Potion            |       |       |     1 |       ||     1
   Stab: Distracted        |       |       |     4 |     1 ||     5
         Sleeping          |       |       |     7 |     2 ||     9
         Confused          |       |       |     5 |    41 ||    46
 Armour: Ring mail         |    42 |    11 |       |       ||    53
         Troll leather arm |       |    19 |   168 |    85 ||   272
  Dodge: Dodged            |    51 |    93 |   545 |   338 ||  1027
  Block: Buckler           |       |       |       |    87 ||    87
